Map: Ruinas de Endión

Players

xXkazperXx

  • Race: Zerg Zerg
  • League: Bronze

Spyder - Winner!

  • Race: Protoss Protoss
  • League: Bronze

VOD

Have the link to the VOD?

Description

Time

  • Played on: April 8, 2016, 6:06 p.m.
  • Length: 13:32
Show
View Real Time Build Order
Export as new Build Order

xXkazperXx Zerg 

Build Orders: Pool First 

Get SALT Encoding   

  12  0:04  Drone  
  13  0:16  Drone  
  13  0:18  Overlord  
  14  1:01  Spawning Pool  
  13  1:06  Drone x3, Extractor  
  15  1:20  Hatchery  
  14  1:30  Drone x2  
  16  1:48  Queen  
  16  1:53  Drone x2  
  20  2:04  Zergling x2  
  21  2:16  Roach Warren  
  21  2:19  Zergling x2  
  21  2:36  Drone  
  22  2:43  Overlord  
  22  2:48  Drone  
  23  2:52  Drone x2  
  23  2:57  Roach  
  27  3:05  Lair  
  25  3:45  Roach x3  
  31  3:50  Burrow  
  31  3:52  Roach x2  
  35  3:55  Overlord  
  35  3:56  Overlord  
  35  4:16  Drone x3, Extractor  
  37  4:17  Hatchery  
  37  4:20  Drone x3  
  39  4:38  Roach x2  
  43  4:50  Drone  
  43  4:51  Drone x2  
  46  5:14  Roach x8  
  46  5:18  Drone x3  
  49  5:35  Tunneling Claws  
  49  5:38  Roach x8  
  49  6:12  Drone x3, Hydralisk Den  
  49  6:13  Drone x3  
  49  6:16  Drone x3  
  57  6:19  Overlord x2  
  57  6:24  Roach x7  
  57  6:34  Extractor  
  54  7:03  Hydralisk  
  54  7:04  Hydralisk x2  
  61  7:08  Drone x3  
  61  7:09  Drone x4  
  67  7:17  Extractor  
  67  7:19  Drone x3, Extractor  
  68  7:35  Drone x3  
  71  7:38  Queen  
  71  7:42  Drone  
  71  7:43  Overlord  
  74  7:45  Hatchery  
  73  7:54  Zergling x2  
  74  8:01  Queen  
  74  8:04  Drone x3  
  79  8:10  Spine Crawler  
  78  8:14  Spine Crawler  
  78  8:15  Spine Crawler  
  76  8:28  Drone x3  
  79  8:43  Spire  
  79  8:44  Metabolic Boost  
  79  8:46  Glial Reconstitution  
  78  8:56  Drone x2  
  78  9:00  Drone  
  81  9:05  Drone x3  
  81  9:09  Drone  
  87  9:10  Drone x2  
  87  9:20  Drone  
  87  9:22  Overlord x3  
  88  9:34  Pneumatized Carapace  
  88  9:40  Infestation Pit  
  87  9:53  Zergling x6  
  87  9:55  Zergling x6  
  87  9:57  Mutalisk  
  87  9:58  Mutalisk x5  
  105  10:00  Mutalisk x3  
  111  10:14  Drone  
  111  10:16  Hatchery  
  111  10:25  Overlord x2  
  111  10:32  Hive  
  111  10:47  Mutalisk x3  
  117  10:50  Corruptor  
  117  10:53  Zergling x2  
  117  10:54  Zergling x4  
  117  10:55  Zergling x6  
  117  10:56  Zergling x4  
  117  10:57  Zergling x2  
  128  11:01  Roach x6  
  126  11:25  Mutalisk  
  128  11:33  Extractor  
  128  11:34  Drone  
  128  11:35  Drone  
  128  11:39  Drone x3  
  132  11:44  Drone  
  132  11:45  Drone  
  134  11:48  Extractor  
  134  11:49  Roach x6  
  134  11:50  Drone, Extractor  
  129  12:42  Roach x4  
  129  12:44  Corruptor x3  
  81  13:12  Overlord  
  77  13:14  Zergling x4  
Show
View Real Time Build Order
Export as new Build Order

Spyder Protoss - Winner!

Build Orders:  

Get SALT Encoding   

  12  0:10  Probe (Chrono Boost)  
  13  0:30  Pylon  
  13  0:36  Probe (Chrono Boost)  
  14  0:45  Assimilator  
  14  0:46  Probe (Chrono Boost)  
  16  1:11  Probe (Chrono Boost)  
  16  1:12  Gateway  
  16  1:22  Probe (Chrono Boost)  
  17  1:32  Probe (Chrono Boost)  
  18  1:43  Probe (Chrono Boost)  
  18  1:46  Forge  
  19  1:53  Probe (Chrono Boost)  
  20  2:09  Zealot  
  23  2:23  Probe (Chrono Boost), Cybernetics Core  
  23  2:27  Pylon  
  22  2:54  Gateway  
  22  2:56  Gateway  
  22  2:58  Gateway  
  22  3:03  Photon Cannon  
  22  3:04  Photon Cannon  
  22  3:05  Probe (Chrono Boost)  
  23  3:06  Photon Cannon  
  23  3:15  Protoss Shields Level 1  
  23  3:16  Mothership Core (Chrono Boost)  
  23  3:35  Stalker  
  25  3:51  Warp Gate (Chrono Boost)  
  25  4:02  Assimilator  
  25  4:05  Pylon  
  25  4:08  Pylon  
  25  4:13  Zealot  
  27  4:30  Probe  
  28  4:42  Probe  
  29  4:54  Probe  
  30  5:07  Probe  
  31  5:12  Nexus, Stalker  
  31  5:13  Sentry, Zealot  
  37  5:14  Zealot  
  37  5:16  Pylon  
  37  5:18  Pylon  
  37  5:19  Probe  
  40  5:24  Robotics Facility  
  40  5:40  Assimilator  
  40  5:44  Assimilator  
  40  5:46  Photon Cannon  
  40  6:05  Photon Cannon  
  40  6:07  Photon Cannon  
  40  6:19  Observer  
  41  6:31  Probe  
  42  6:32  Probe  
  43  7:00  Stalker x3  
  49  7:01  Stalker  
  49  7:04  Protoss Air Weapons Level 1 (Chrono Boost)  
  49  7:06  Protoss Ground Weapons Level 1 (Chrono Boost)  
  51  7:28  Probe  
  51  7:30  Probe  
  53  7:39  Probe  
  53  7:42  Probe  
  55  7:47  Zealot  
  55  7:48  Zealot  
  55  7:49  Zealot x2  
  55  7:50  Probe  
  64  7:54  Probe  
  65  8:02  Probe  
  66  8:06  Probe  
  67  8:13  Stargate  
  67  8:14  Probe  
  67  8:18  Probe  
  69  8:21  Twilight Council  
  69  8:26  Probe  
  70  8:30  Pylon, Probe  
  71  8:35  Protoss Air Armor Level 1  
  71  8:38  Probe  
  72  8:42  Probe  
  73  8:50  Probe  
  73  8:54  Protoss Ground Armor Level 1 (Chrono Boost), Nexus  
  74  8:59  Pylon  
  74  9:02  Pylon  
  74  9:06  Pylon  
  74  9:13  Void Ray  
  78  9:17  Observer  
  79  9:25  Charge  
  79  9:47  Probe x2, Assimilator  
  79  9:50  Assimilator  
  81  9:59  Probe x2  
  83  10:11  Probe x2, Dark Shrine  
  85  10:23  Probe x2  
  87  10:33  Protoss Ground Weapons Level 2 (Chrono Boost)  
  87  10:35  Probe x2  
  89  10:44  Immortal  
  89  10:45  Void Ray  
  89  10:49  Stalker x2  
  101  10:50  Stalker  
  101  10:53  Stalker  
  105  11:05  Blink  
  105  11:20  Probe  
  105  11:21  Stargate  
  106  11:31  Probe  
  107  11:41  Probe  
  108  11:52  Probe  
  109  12:01  Dark Templar  
  109  12:03  Probe, Dark Templar  
  109  12:04  Dark Templar x2  
  111  12:36  Void Ray  
  115  12:44  Archon  
  115  12:45  Archon  
Tags
 
Add a new tag
Caveats
  • Supply blocks, unpowered buildings, or Contaminate may cause inaccurate times.
  • Supply counts are checked every 10 seconds.